 Dungeon Crawl Stone Soup version 0.30-a0-632-g346586fe48 (webtiles) character file.

Game seed: 13966274998519496617

30352 mandoloar the Severer (level 13, -1/111 HPs)
             Began as a Minotaur Fighter on Jan 14, 2023.
             Was a High Priest of Okawaru.
             Engulfed by an ice dragon's freezing vapour (11 damage)
             ... on level 4 of the Lair of Beasts.
             The game lasted 00:46:45 (18052 turns).

mandoloar the Severer (Minotaur Fighter)           Turns: 18052, Time: 00:46:45

Health: -1/111     AC: 25    Str: 25    XL:     13   Next: 20%
Magic:  17/17      EV: 12    Int:  5    God:    Okawaru [*****.]
Gold:   1178       SH: 12    Dex: 17    Spells: 12/12 levels left

rFire   + + +      SeeInvis .    a - +0 broad axe (vamp)
rCold   . . .      Faith    .    c - +1 buckler
rNeg    . . .      Spirit   .    k - +4 chain mail {rF+}
rPois   +          Reflect  +    F - +1 hat
rElec   .          Harm     .    A - +2 cloak of the Iron City of Dis {-Tele rPois rF+++}
rCorr   .          Rampage  .    (no gloves)
Will    .....      NoTele   +    r - +0 pair of boots Stlth
                                 D - amulet of reflection
HPRegen 0.38/turn                f - +4 ring of protection
MPRegen 0.15/turn                p - +6 ring of dexterity

@: mighty, very slow
A: horns 2, retaliatory headbutt
a: Renounce Religion, Heroism, Finesse, Duel


You were on level 4 of the Lair of Beasts.
You worshipped Okawaru.
Okawaru was extremely pleased with you.
You visited 3 branches of the dungeon, and saw 17 of its levels.
You also visited: Bailey.

You collected 1178 gold pieces.

Inventory:

Hand Weapons
 a - a +0 vampiric broad axe (weapon)
 b - a +1 war axe of flaming
Missiles
 o - 100 stones (quivered)
Armour
 c - a +1 buckler (worn)
 k - a +4 chain mail of fire resistance (worn)
 r - a +0 pair of boots (worn)
 A - the +2 cloak of the Iron City of Dis (worn) {-Tele rPois rF+++}
   (Okawaru gifted it to you on level 2 of the Lair of Beasts)

   rF:        It renders you almost immune to fire.
   rPois:     It protects you from poison.
   -Tele:     It prevents most forms of teleportation.
 F - a +1 hat (worn)
Jewellery
 f - a +4 ring of protection (left hand)
 p - a +6 ring of dexterity (right hand)
 D - an amulet of reflection (around neck)
 J - a ring of fire
 K - a ring of willpower
Wands
 l - a wand of flame (28)
 q - a wand of digging (4)
 w - a wand of roots (5)
 E - a wand of mindburst (6)
 G - a wand of acid (4)
Scrolls
 i - 4 scrolls of magic mapping
 m - a scroll of fear
 t - 5 scrolls of teleportation
 u - 4 scrolls of identify
 H - a scroll of enchant weapon
Potions
 d - a potion of berserk rage
 e - 6 potions of degeneration
 g - 3 potions of heal wounds
 h - 10 potions of curing
 j - 3 potions of flight {unknown}
 n - 6 potions of invisibility
 s - a potion of mutation
 v - a potion of attraction {unknown}
 x - 2 potions of haste {unknown}
 y - a potion of brilliance
 z - a potion of lignification {unknown}
 B - 4 potions of might
 C - a potion of magic {unknown}
 I - a potion of resistance {unknown}


   Skills:
 + Level 9.3 Fighting
 + Level 18.7 Axes
 + Level 9.4 Armour
 + Level 7.7 Dodging
 - Level 6.0 Stealth
 - Level 6.0 Shields
 + Level 7.1 Invocations


You had 12 spell levels left.
You didn't know any spells.
Your spell library contained the following spells:

 Spells                   Type           Power      Damage    Failure   Level
 Frozen Ramparts          Ice            0%         1d1       100%        3
 Portal Projectile        Hex/Tloc       0%         N/A       100%        3
 Ice Form                 Ice/Tmut       0%         N/A       100%        4
 Leda's Liquefaction      Hex/Erth       0%         N/A       100%        4
 Passage of Golubria      Tloc           0%         N/A       100%        4
 Silence                  Hex/Air        0%         N/A       100%        5
 Lehudib's Crystal Spear  Conj/Erth      0%         10d2      100%        8
 Call Canine Familiar     Summ           Unusable   N/A       N/A         3
 Summon Ice Beast         Ice/Summ       Unusable   N/A       N/A         4

Dungeon Overview and Level Annotations

Branches:
Dungeon (12/15)            Temple (1/1) D:4            Lair (4/5) D:11
  Swamp (0/4) Lair:3       Spider (0/4) Lair:2        Slime (0/5) Lair:4
    Orc (0/2) D:10         Bailey (visited)

Altars:
Ashenzari
Cheibriados
Dithmenos
Elyvilon
Fedhas
Gozag
Hepliaklqana
Kikubaaqudgha
Makhleb
Nemelex Xobeh
Okawaru
Qazlal
Ru
Sif Muna
Trog
Uskayaw
Vehumet
Wu Jian
Xom
Yredelemnul
Zin
The Shining One
Jiyva

Shops:
D:7 (   D:10 [?!

Annotations:
D:9 1 runed translucent door, wormed's ghost, novice MiBe
D:11 exclusion: orange crystal statue


Innate Abilities, Weirdness & Mutations

You have a pair of horns on your head.
You reflexively headbutt those who attack you in melee.


Message History

Okawaru accepts your kill.
You feel much better.
You feel very mighty all of a sudden. The ice dragon bites you!
The ice dragon closely misses you. You block the ice dragon's attack.
You closely miss the ice dragon. The ice dragon breathes frost at you.
The blast of cold hits you!
You hit the ice dragon but do no damage.
You headbutt the ice dragon!!
The ice dragon is moderately wounded.
The ice dragon closely misses you. The ice dragon completely misses you.
The ice dragon tramples you but does no damage.
You slash the ice dragon! You headbutt the ice dragon.
The ice dragon is moderately wounded.
You slice the ice dragon like a ripe choko!!!
You headbutt the ice dragon!
The ice dragon is almost dead.
The ice dragon bites you but does no damage.
The ice dragon claws you but does no damage.
The ice dragon tramples you!
You stumble backwards!
Splash!
You fall into the shallow water.
Moving in this stuff is going to be slow.
Your unstable footing causes you to fumble your attack.
The ice dragon breathes frost at you. The blast of cold hits you!!!
* * * LOW HITPOINT WARNING * * *
Your unstable footing causes you to fumble your attack.
The ice dragon bites you.
* * * LOW HITPOINT WARNING * * *
The ice dragon claws you but does no damage.
The ice dragon closely misses you.
You feel much better. The ice dragon breathes frost at you.
The blast of cold hits you!!
* * * LOW HITPOINT WARNING * * *
Your unstable footing causes you to fumble your attack.
You are engulfed in freezing vapours.
You die...

..~≈≈# ##≈≈~≈≈≈~...~~.........#.#
...~≈# #######≈..~~~.........#..
....~# ..> #≈≈8~≈~.........#.#.
..#.~# #..##≈≈≈≈..#.........+.
#.#~~## ~.##≈≈≈..#.........###
#..≈≈~## ##≈≈○≈≈~.#.........##.
..~~≈≈.#####≈≈≈#○≈~..........##..
.~~≈~~~~...≈≈≈~.#~~..............
..~≈≈≈~....~○○○○@D.##..#P##P.####
..≈≈~...⌠..~≈~≈≈~...#..#######
#............~~~..#..)##
..#....#....~...#....##
##.##P.###.#~......#..# #######
#####.#..##### ######


You could see an ice dragon (catching breath).

Vanquished Creatures
  Gastronok (Lair:3)
  Josephine (D:11)
  2 hydras
  2 vault guards (Bailey)
  Pikel (D:6)
  An orb spider (Lair:2)
  2 bog bodies (Lair:3)
  2 oklob plants (D:11)
  A manticore (D:7)
  2 cyclopes
  A gargoyle (D:10)
  6 elephants (Lair:2)
  2 black mambas
  Joseph (D:7)
  4 cane toads
  Maggie (D:8)
  2 rime drakes
  6 komodo dragons
  A kobold demonologist (D:10)
  A troll (D:10)
  2 polar bears
  Prince Ribbit (Bailey)
  7 dream sheep (Lair:4)
  2 shadows
  A water elemental (D:11)
  5 wraiths (D:11)
  28 yaks
  3 basilisks
  5 humans (Bailey)
  3 wyverns
  3 steam dragons
  3 vampire mosquitoes (D:11)
  Menkaure (D:7)
  5 water moccasins
  5 sky beasts
  The ghost of deadpool521 the Chopper, an amateur HOFi (D:3)
  2 orc warriors (D:10)
  An ogre (D:7)
  8 wolves
  3 centaurs
  A lemure (D:6)
  3 kobold brigands
  3 phantoms
  21 bullfrogs
  A gnoll sergeant (D:11)
  2 necrophages
  3 scorpions
  10 howler monkeys
  2 jellies
  5 orc priests
  4 hounds
  A gnoll bouda (D:6)
  Ijyb (D:4)
  5 iguanas
  6 orc wizards
  14 gnolls
  9 adders
  A shadow imp (D:8)
  7 white imps
  An ufetubus (D:4)
  6 worms
  6 dart slugs
  39 orcs
  6 endoplasms
  4 giant cockroaches
  12 goblins
  8 hobgoblins
  4 jackals (D:2)
  18 kobolds
  7 quokkas
  9 ball pythons
  6 bats
  7 frilled lizards
  7 rats
368 creatures vanquished.

Vanquished Creatures (others)
  An orc (D:7)
  A kobold (D:7)
  7 fungi
  51 plants
60 creatures vanquished.

Grand Total: 428 creatures vanquished

Notes
Turn   | Place    | Note
-------+----------+-------------------------------------------
     0 | D:1      | mandoloar the Minotaur Fighter began the quest for the Orb.
     0 | D:1      | Reached XP level 1. HP: 19/19 MP: 0/0
    28 | D:1      | Reached skill level 3 in Axes
    96 | D:1      | Reached XP level 2. HP: 26/26 MP: 1/1
   213 | D:1      | Reached skill level 4 in Axes
   245 | D:1      | Found a faded altar of an unknown god.
   398 | D:1      | Reached XP level 3. HP: 31/31 MP: 2/2
   696 | D:2      | Found a shadowy altar of Dithmenos.
   709 | D:2      | Reached skill level 5 in Axes
   830 | D:2      | Reached XP level 4. HP: 39/39 MP: 3/3
  1182 | D:2      | Found the +7 Kryia's mail coat {PotionHeal*2 rC+}
  1730 | D:3      | Reached skill level 6 in Axes
  1828 | D:3      | Found a large runed translucent door.
  1828 | D:3      | Found a large runed translucent door.
  1831 | D:3      | Noticed deadpool521's ghost (amateur HOFi)
  1867 | D:3      | Found an iron altar of Okawaru.
  1876 | D:3      | Became a worshipper of Warmaster Okawaru
  1933 | D:3      | Found a bloodstained altar of Trog.
  1994 | D:3      | Reached XP level 5. HP: 45/45 MP: 4/4
  2131 | D:3      | Found a glowing golden altar of the Shining One.
  2403 | D:4      | Noticed a phantom
  2417 | D:4      | Killed a phantom
  2418 | D:4      | Reached skill level 7 in Axes
  2522 | D:4      | Reached XP level 6. HP: 51/51 MP: 5/5
  2688 | D:4      | Reached skill level 8 in Axes
  2855 | D:4      | Found an ornate altar of the Wu Jian Council.
  2862 | D:4      | Found a white marble altar of Elyvilon.
  3076 | D:4      | Reached * piety under Okawaru
  3111 | D:4      | Noticed Ijyb
  3123 | D:4      | Killed Ijyb
  3124 | D:4      | Reached skill level 9 in Axes
  3312 | D:4      | Found a staircase to the Ecumenical Temple.
  3321 | Temple   | Entered the Ecumenical Temple
  4054 | D:5      | Entered Level 5 of the Dungeon
  4099 | D:5      | Reached XP level 7. HP: 38/57 MP: 6/6
  4532 | D:5      | Reached skill level 10 in Axes
  4873 | D:6      | Noticed Pikel
  4884 | D:6      | Killed Pikel
  4884 | D:6      | Reached ** piety under Okawaru
  4885 | D:6      | Reached skill level 12 in Axes
  4885 | D:6      | Reached XP level 8. HP: 47/64 MP: 7/7
  4947 | D:6      | Reached *** piety under Okawaru
  5038 | D:6      | Reached skill level 13 in Axes
  5380 | D:6      | Reached skill level 14 in Axes
  5380 | D:6      | Reached XP level 9. HP: 69/70 MP: 8/8
  5396 | D:6      | Found a glowing drain.
  5596 | D:7      | Noticed Menkaure
  5599 | D:7      | Noticed Joseph
  5607 | D:7      | Killed Menkaure
  5607 | D:7      | Reached **** piety under Okawaru
  5614 | D:7      | Killed Joseph
  5791 | D:7      | Reached skill level 15 in Axes
  6136 | D:7      | Found Xusaoqyc's Weapon Shop.
  6354 | D:7      | Reached ***** piety under Okawaru
  6355 | D:7      | Reached skill level 16 in Axes
  6615 | D:7      | Noticed a manticore
  6627 | D:7      | Killed a manticore
  6866 | D:7      | Reached XP level 10. HP: 77/77 MP: 9/9
  6874 | D:7      | Identified the +11 quarterstaff of Deformation {vamp, rF+
                  | rC+ rN+ Dex-2} (Okawaru gifted it to you on level 7 of the
                  | Dungeon)
  6874 | D:7      | Received a gift from Okawaru
  6882 | D:7      | Reached skill level 17 in Axes
  7120 | D:8      | Noticed Maggie
  7131 | D:8      | Killed Maggie
  7331 | D:8      | Reached skill level 1 in Dodging
  7364 | D:8      | Noticed a cyclops
  7381 | D:8      | Killed a cyclops
  7382 | D:8      | Reached skill level 1 in Stealth
  7382 | D:8      | Reached skill level 1 in Invocations
  7523 | D:8      | Found a flagged portal.
  7535 | Bailey   | Entered a bailey
  7805 | Bailey   | Noticed a vault guard
  7805 | Bailey   | Noticed Prince Ribbit
  7812 | Bailey   | Killed Prince Ribbit
  7832 | Bailey   | Killed a vault guard
  7833 | Bailey   | Reached skill level 5 in Fighting
  7833 | Bailey   | Reached skill level 5 in Armour
  7833 | Bailey   | Reached skill level 5 in Shields
  8172 | Bailey   | Noticed a vault guard
  8187 | Bailey   | Killed a vault guard
  8643 | D:8      | Reached XP level 11. HP: 88/88 MP: 12/12
  9039 | D:9      | Found a runed translucent door.
  9039 | D:9      | Noticed wormed's ghost (novice MiBe)
  9252 | D:3      | Killed deadpool521's ghost
 10201 | D:10     | Entered Level 10 of the Dungeon
 10212 | D:10     | Found a staircase to the Orcish Mines.
 10388 | D:10     | Found Fimenapt's Distillery.
 10521 | D:10     | Found Femog's Magic Scroll Boutique.
 10556 | D:10     | Found Loptawat's Antique Armour Shoppe.
 10783 | D:10     | Found a radiant altar of Vehumet.
 11338 | D:11     | Noticed Josephine
 11366 | D:11     | Killed Josephine
 11369 | D:11     | Received a gift from Okawaru
 11382 | D:11     | Reached skill level 5 in Dodging
 11477 | D:11     | Noticed an oklob plant
 11511 | D:11     | Found a staircase to the Lair.
 11511 | D:11     | Noticed an oklob plant
 11878 | D:11     | Noticed an orange crystal statue
 12453 | D:11     | Killed an oklob plant
 12463 | D:11     | Killed an oklob plant
 13071 | Lair:1   | Entered Level 1 of the Lair of Beasts
 13164 | Lair:1   | Reached skill level 5 in Invocations
 13171 | Lair:1   | Reached skill level 18 in Axes
 13171 | Lair:1   | Reached XP level 12. HP: 95/100 MP: 11/14
 13762 | Lair:2   | Noticed a seven-headed hydra
 13774 | Lair:2   | Killed a seven-headed hydra
 14056 | Lair:2   | Identified the +2 cloak of the Iron City of Dis {-Tele
                  | rPois rF+++} (Okawaru gifted it to you on level 2 of the
                  | Lair of Beasts)
 14056 | Lair:2   | Received a gift from Okawaru
 14673 | Lair:2   | Reached skill level 5 in Stealth
 15095 | Lair:2   | Found a hole to the Spider Nest.
 15702 | Lair:3   | Found a staircase to the Swamp.
 16125 | Lair:3   | Found a snail-covered altar of Cheibriados.
 16169 | Lair:3   | Noticed Gastronok
 16224 | Lair:3   | Killed Gastronok
 16638 | Lair:3   | Reached XP level 13. HP: 110/110 MP: 17/17
 17308 | Lair:4   | Found a viscous altar of Jiyva.
 17319 | Lair:4   | Found a staircase to the Slime Pits.
 18052 | Lair:4   | Engulfed by an ice dragon's freezing vapour

Illustrated notes

Levels and vault maps discovered:
D:1:      ebering_hopf_link, layout_rooms, shapermc_ecumenical_altar_venn,
          minivault_24, st_stairs_3, minmay_indecisive_spiral
D:2:      layout_basic, basic_altar, minmay_pentomino_pile
D:3:      layout_loops_ring, mainiacjoe_overflow_boulevard,
          lemuel_crystal_altar, tso_altar, ebering_ghost_disaster_area,
          minmay_misc_feat_pillars
D:4:      nicolae_cairo_tiling, layout_loops_ring,
          mainiacjoe_overflow_large_starburst,
          minmay_temple_entry_enclosed_plants, uniq_ijyb
D:5:      layout_loops_ring
D:6:      layout_rooms, cheibrodos_sewer_entry_bend, uniq_pikel
D:7:      minmay_razor_zed, layout_basic, serial_shops, nicolae_stop_n_shop_2,
          uniq_menkaure, uniq_joseph
D:8:      layout_loops_cross, enter_bailey_3, uniq_maggie
D:9:      layout_irregular_city, hellmonk_ghost_happy_afterlife
D:10:     layout_rooms, nicolae_overflow_crystal_walls, david_orc_2,
          serial_shops, kennysheep_mini, nicolae_shop_stone, shop
D:11:     minmay_statue_hallways, layout_irregular_city, dpeg_oklobed_lair,
          serial_bayou_lagoon_a, uniq_josephine
D:12:     layout_small_grid, uniq_rupert, uniq_fannar
Temple:   nicolae_temple_superstar
Lair:1:   layout_misc_corridors, pdpol_lair_neglected_garden,
          serial_bayou_crossing, infiniplex_staircase_pool_2,
          lemuel_fruit_fields
Lair:2:   layout_cave_pods, nicolae_spider_entry_orb_guardian,
          grunt_megastairs_4
Lair:3:   layout_chaotic_city, skrybe_swamp_entry_bodies, basic_altar,
          uniq_gastronok
Lair:4:   layout_regular_city, slime_entry_1, chequers_serial_rivers_micro_b,
          ldierk_geyser, bobbens_ice_dragon_lair, infiniplex_staircase_pool

Skill      XL: |  1  2  3  4  5  6  7  8  9 10 11 12 13 |
---------------+----------------------------------------+-----
Axes           | 3 4 5 6 7 9 12 14 16 17 18 | 18.7
Dodging        | 3 5 7 |  7.7
Fighting       | 5 7 8 9 |  9.3
Shields        | 5 6 |  6.0
Armour         | 5 7 9 |  9.4
Stealth        | 2 4 6 |  6.0
Invocations    | 3 5 6 7 |  7.1

Action                   |  1- 3 |  4- 6 |  7- 9 | 10-12 | 13-15 || total
-------------------------+-------+-------+-------+-------+-------++-------
Melee: War axe           |    75 |   155 |   184 |   281 |     6 ||   701
       Headbutt          |     8 |    16 |    27 |   152 |    22 ||   225
       Hand axe          |       |       |       |     4 |       ||     4
       Broad axe         |       |       |       |   285 |    65 ||   350
       Eveningstar       |       |       |       |     7 |       ||     7
Throw: Stone             |       |     1 |     5 |    11 |     1 ||    18
Invok: Heroism           |       |       |     1 |     9 |       ||    10
       Finesse           |       |       |       |     1 |       ||     1
  Use: Scroll            |     3 |     6 |     3 |    17 |       ||    29
       Potion            |       |       |     1 |     1 |     4 ||     6
Armor: Scale mail        |    49 |    24 |       |       |       ||    73
       Chain mail        |       |    55 |   101 |   263 |    34 ||   453
Dodge: Dodged            |    45 |    63 |    52 |   227 |    30 ||   417
       Repelled          |       |       |     1 |       |       ||     1
Block: Buckler           |    15 |    47 |    45 |   153 |    19 ||   279
       Reflection        |       |       |       |       |     2 ||     2

Table legend: (Time is in decaauts)
 A = Elapsed time spent in this place.
 B = Non-inter-level travel time spent in this place.
 C = Inter-level travel time spent in this place.
 D = Time resting spent in this place.
 E = Time spent auto-exploring this place.
 F = Levels seen in this place.
 G = Mean time per level.
                   A        B        C        D        E       F      G
               +--------+--------+--------+--------+--------+-----+--------+
         Total |  17960 |  17016 |    944 |   4717 |   9704 |  18 |  997.8 |
       Dungeon |  11963 |  11142 |    821 |   2652 |   6696 |  12 |  996.9 |
        Temple |    104 |     88 |     16 |      0 |     73 |   1 |  104.0 |
          Lair |   4921 |   4815 |    106 |   1357 |   2849 |   4 | 1230.2 |
        Bailey |    970 |    970 |      0 |    708 |     85 |   1 |  970.0 |
               +--------+--------+--------+--------+--------+-----+--------+

Top non-repeatable levels by time:
    D:11: 1942 daAuts
  Lair:2: 1907 daAuts
     D:7: 1496 daAuts
  Lair:3: 1392 daAuts
     D:2: 1227 daAuts
     D:3: 1165 daAuts
     D:4: 1144 daAuts
     D:8: 1060 daAuts
  Bailey: 970 daAuts
  Lair:4: 928 daAuts
    D:10: 894 daAuts
     D:5: 885 daAuts
     D:9: 825 daAuts
     D:6: 731 daAuts
  Lair:1: 692 daAuts
